 Dungeon Sprint DCSS version 0.31-a0-675-g238779eb0a (webtiles) character file.

Game seed: 9319422377606634167

24 sircluck the Ruffian (level 2, -11/31 HPs)
             Began as a Troll Berserker on Sept 5, 2023.
             Was a Follower of Trog.
             Mangled by an ogre
             ... wielding a +0 giant club
              (14 damage)
             ... in the Dungeon (Sprint I: "Red Sonja").
             The game lasted 00:00:29 (116 turns).

sircluck the Ruffian (Troll Berserker)               Turns: 116, Time: 00:00:30

Health: -11/31     AC:  4    Str: 24    XL:     2   Next: 79%
Magic:  1/1        EV: 10    Int:  3    God:    Trog [*.....]
Gold:   0          SH:  0    Dex:  9    Spells: 1/1 levels left

rFire   . .          .
                       - Unarmed
rCold   . . .        (no shield)
rNeg    . . .        a - +0 animal skin
rPois   .            (helmet restricted)
rElec   .            (no cloak)
rCorr   .            (gloves unavailable)
SInv    .            (boots unavailable)
Will    .....        (no amulet)
Stlth   +            (no ring)
HPRegen 1.05/turn    (no ring)
MPRegen 0.07/turn

%: no teleportation
@: no status effects
A: large, unfitting armour, claws 3, regeneration 1, shaggy fur 1, tough skin 1
a: Renounce Religion, Berserk


You were in the Dungeon.
You worshipped Trog.
Trog was aware of your devotion.
You visited 1 branch

Inventory:

Armour
 a - a +0 animal skin (worn)
Wands
 h - a wand of charming (2)
Scrolls
 g - a scroll of blinking
Potions
 b - a potion of curing
 c - a potion of heal wounds
 d - a potion of haste
 e - 2 potions of magic
 f - a potion of berserk rage


   Skills:
 + Level 3.6 Fighting
 + Level 3.6 Dodging
 + Level 4.4 Unarmed Combat


You had one spell level left.
You didn't know any spells.
Your spell library was empty.

Dungeon Overview and Level Annotations

Branches:
Dungeon (1/1)

Altars:

Annotations:
D Sigmund


Innate Abilities, Weirdness & Mutations

You are too large for most types of armour.
You have claws for hands.
Your natural rate of healing is unusually fast.
You are covered in fur. (AC +1)
You have tough skin. (AC +1)


Message History

Sigmund flickers, as though insubstantial.
Sigmund gestures wildly while chanting.
Sigmund flickers and vanishes!
Deactivating autopickup; reactivate with Ctrl-A.
You hear some strange, mumbled words.
Your ogre appears confused.
Something hits you but does no damage.
Your ogre barely misses you.
Something hits you.
Your ogre barely misses something.
Something hits you but does no damage.
Your ogre barely misses you.
You swap places.
Something hits you but does no damage.
There is an open door here.
You scratch something.
Your ogre barely misses you.
Something hits you.
You barely miss something. Your ogre misses you. You scratch something.
Something hits you.
You barely miss something.
You hear some strange, mumbled words.
A puff of flame appears from out of thin air!
The puff of flame hits you.
You closely miss something.
Your ogre closely misses you.
You closely miss something. Your claw misses something.
Your ogre seems less confused.
Something hits you.
You barely miss something. Something hits you.
You barely miss something. You miss something. Something hits you.
You barely miss something.
You hear some strange, mumbled words.
A magic dart appears from out of thin air!
The magic dart hits you.
You closely miss something. You closely miss something. Something hits you.
You miss something. Something hits you!
* * * LOW HITPOINT WARNING * * *
You closely miss something.
You swap places.
The ogre is no longer charmed.
Something hits you!
* * * LOW HITPOINT WARNING * * *
The ogre hits you with a +0 giant club!
You die...

########## ##
#<.#..O{.#..+
#..'.@#..'..#
#..#####+####
#..# #).#
#..# #⌠⌠#
####


You could see an ogre.

Vanquished Creatures
  Ijyb (D)
1 creature vanquished.

Notes
Turn   | Place    | Note
-------+----------+-------------------------------------------
     0 | D        | sircluck the Troll Berserker began the quest for the Orb.
     0 | D        | Reached XP level 1. HP: 22/22 MP: 0/0
     1 | D        | Noticed Ijyb
    53 | D        | Killed Ijyb
    54 | D        | Reached skill level 4 in Unarmed Combat
    54 | D        | Reached XP level 2. HP: 31/31 MP: 1/1
    82 | D        | Noticed an ogre
    88 | D        | Noticed Sigmund
   116 | D        | Mangled by an ogre

Illustrated notes

Levels and vault maps discovered:
D:        dungeon_sprint_1 [red_sonja_temple_1, red_sonja_temple_small_1]

Skill      XL: |  1 |
---------------+----+-----
Fighting       | 3 |  3.6
Dodging        | 3 |  3.6
Unarmed Combat | 4 |  4.4

Action                     || total
---------------------------++-------
  Melee: Unarmed           ||    25
  Evoke: Wand              ||     1
 Armour: Animal skin       ||    35
  Dodge: Dodged            ||    17

Table legend: (Time is in decaauts)
 A = Elapsed time spent in this place.
 B = Non-inter-level travel time spent in this place.
 C = Inter-level travel time spent in this place.
 D = Time resting spent in this place.
 E = Time spent auto-exploring this place.
 F = Levels seen in this place.
 G = Mean time per level.
                   A        B        C        D        E       F      G
               +--------+--------+--------+--------+--------+-----+--------+
         Total |    114 |    114 |      0 |      8 |      1 |   1 |  114.0 |
       Dungeon |    114 |    114 |      0 |      8 |      1 |   1 |  114.0 |
               +--------+--------+--------+--------+--------+-----+--------+

Top non-repeatable levels by time:
       D: 114 daAuts
